 Dungeon Crawl Stone Soup version 0.26.0-10-g1f06aea511 (webtiles) character file.

Game seed: 17024026637987350101

33 jackrogers the Caller (level 3, 0/28 HPs)
             Began as a Tengu Summoner on Jan 13, 2021.
             Succumbed to an adder's poison
             ... on level 2 of the Dungeon.
             The game lasted 00:03:38 (1508 turns).

jackrogers the Caller (Tengu Summoner)              Turns: 1508, Time: 00:03:38

Health: 0/28       AC: 21    Str:  8    XL:     3   Next: 29%
Magic:  2/7        EV:  2    Int: 16    God:
Gold:   64         SH:  0    Dex: 14    Spells: 3/6 levels left

rFire    . . .     SeeInvis .   d - +0 short sword (holy)
rCold    . . .     Faith    .   (no shield)
rNeg     + + +     Spirit   .   (armour currently unavailable)
rPois    +         Reflect  .   (helmet currently unavailable)
rElec    .         Harm     .   (cloak currently unavailable)
rCorr    .         Rampage  .   (gloves currently unavailable)
Will     .....     NoTele   +   (boots unavailable)
Stlth    ++........             (no amulet)
HPRegen  0.09/turn              (no ring)
MPRegen  0.10/turn              (no ring)

@: lethally poisoned (0 -> -6), tree-form
A: no striking features
a: no special abilities


You were on level 2 of the Dungeon.
You were a tree.
You visited 1 branch of the dungeon, and saw 2 of its levels.

You collected 64 gold pieces.

Inventory:

Hand Weapons
 c - a +0 mace
   (You found it on level 1 of the Dungeon)
 d - a +0 short sword of holy wrath (weapon)
   (You took it off a kobold on level 1 of the Dungeon)
 f - a cursed -1 dagger
   (You found it on level 1 of the Dungeon)
Armour
 a - a +0 robe (melded)
Jewellery
 g - an uncursed ring of ice {unknown}
   (You found it on level 1 of the Dungeon)
 h - a +4 ring of protection {unknown}
   (You found it on level 1 of the Dungeon)
 m - an uncursed ring of see invisible {unknown}
   (You found it on level 2 of the Dungeon)
Scrolls
 b - a scroll of immolation {unknown}
 e - 4 scrolls of identify {unknown}
 i - a scroll of blinking {unknown}
 k - a scroll of enchant armour {unknown}
 l - a scroll of remove curse {unknown}


   Skills:
 - Level 2.1 Dodging
 - Level 2.0 Stealth
 - Level 2.0 Spellcasting
 * Level 6.1 Summonings


You had 3 spell levels left.
You knew the following spells:

 Your Spells              Type           Power        Failure   Level
a - Summon Small Mammal   Summ           84%          1%          1
c - Call Imp              Summ           21%          2%          2

Your spell library contained the following spells:

 Spells                   Type           Power        Failure   Level
 Call Canine Familiar     Summ           21%          4%          3
 Summon Guardian Golem    Hex/Summ       11%          19%         3
 Summon Ice Beast         Ice/Summ       11%          52%         4
 Summon Lightning Spire   Summ/Air       11%          52%         4


Dungeon Overview and Level Annotations

Branches:
Dungeon (2/15)

Altars:


Innate Abilities, Weirdness & Mutations

((You have a beak for a mouth.))
((You have claws for feet.))


Message History

Attack!
Your quokka closely misses the rat.
The rat barely misses your quokka.
Spoiler Alert: The adder (asleep) is fast and can poison!
The adder hisses angrily.
Your quokka closely misses the rat.
The rat bites your quokka.
Spoiler Alert: The adder is fast and can poison!
A jackal comes into view.
Your quokka bites the rat.
The rat barely misses your quokka.
Your quokka barely misses the rat.
The rat barely misses your quokka.
A jackal comes into view.
Your quokka bites the rat.
The rat dies!
Your quokka bites the adder.
The adder closely misses your quokka.
Spoiler Alert: The adder is fast and can poison!
Your quokka closely misses the adder.
The adder bites your quokka.
Your quokka is poisoned.
The adder poisons your quokka! The adder closely misses your quokka.
Your quokka closely misses the adder.
Your quokka dies!
Your quokka's corpse disappears in a puff of smoke!
The adder bites your shadow imp.
Spoiler Alert: The adder is fast and can poison!
The adder barely misses your shadow imp.
Your shadow imp barely misses the adder.
The adder closely misses your shadow imp.
Your shadow imp misses the adder.
The adder bites your shadow imp.
Your shadow imp disappears in a puff of smoke!
Your quokka barely misses the adder.
Spoiler Alert: The adder is fast and can poison!
Your quokka misses the adder. The adder bites you.
You are poisoned.
The adder poisons you!
You feel sick. The jackal barely misses your quokka.
Your quokka bites the adder.
The adder bites you.
You are more poisoned.
The adder poisons you!
Spoiler Alert: The adder is fast and can poison!
Your bat misses the jackal.
The jackal bites your quokka but does no damage.
Your quokka misses the adder. The adder bites you.
You are lethally poisoned!
The adder poisons you! The jackal closely misses your quokka.
You closely miss the adder. Your kick misses the adder.
You feel sick. The adder barely misses you.
Your quokka barely misses the adder.
The jackal bites your quokka. The adder bites you.
* * * LOW HITPOINT WARNING * * *
Your quokka barely misses the adder.
Your rat closely misses the adder.
Spoiler Alert: The adder is fast and can poison!
Unknown command.
You swap places.
* * * LOW HITPOINT WARNING * * *
You feel sick.
Your bat hits the adder.
The jackal bites your quokka but does no damage.
Your quokka misses the adder.
Your rat bites the adder but does no damage.
Spoiler Alert: The adder is fast and can poison!
Your bat hits the adder.
The adder dies!
Your quokka bites the jackal.
Your bat hits the jackal but does no damage.
Your rat barely misses the jackal.
* * * LOW HITPOINT WARNING * * *
You feel sick.
Your bat closely misses the jackal.
The jackal bites your quokka. The jackal bites your bat.
Your quokka bites the jackal.
Your bat closely misses the jackal.
Your rat bites the jackal.
The jackal bites your quokka. What are your orders? t - Shout!
Orders for allies: a - Attack new target. r - Retreat! s - Stop attacking. g - Guard the area. f - Follow me.
Anything else - Cancel.
Gang up on whom?
Aim: a jackal (moderately wounded) Attack!
* * * LOW HITPOINT WARNING * * *
You feel sick.
Your bat completely misses the jackal.
The jackal bites your bat.
Your bat dies!
Your bat's corpse disappears in a puff of smoke!
Your quokka bites the jackal.
Your rat closely misses the jackal.
It was a potion of lignification.
You turn into a tree.
Your +0 robe melds into your body.
Your roots penetrate the ground.
* * * LOW HITPOINT WARNING * * *
You feel sick. The jackal barely misses your quokka.
The jackal bites you but does no damage.
Your quokka misses the jackal.
Your rat bites the jackal.
The jackal bites your quokka.
Your quokka dies!
Your quokka's corpse disappears in a puff of smoke!
The jackal barely misses you.
Your rat bites the jackal but does no damage.
The jackal bites you.
* * * LOW HITPOINT WARNING * * *
* * * LOW HITPOINT WARNING * * *
You feel sick.
The jackal bites you but does no damage.
Your rat bites the jackal.
The jackal dies!
You hit the jackal.
You die...

#.#.####.#
.#######........####
...................+
.#######.######.#..#
#.# #.#..# #.#
####.#..# #.# #.##.#..#
#.###.##.#..#
#.§†♣....#..#
....†..rh#b##.#..#####
..####.#.#.##.......<#
.......####..#######..
###..#..##.....†.......
#..#..##.#..#######..
#..#..##.#..#
...#........# #..##..


You could see a jackal, a friendly bat (summoned) and a friendly rat (summoned).

Vanquished Creatures
  A jackal (D:1)
  A frilled lizard (D:2)
2 creatures vanquished.

Vanquished Creatures (collateral kills)
  An adder (D:2)
  An ooze (D:2)
  6 dart slugs (D:1)
  A leopard gecko (D:1)
  3 goblins (D:1)
  A hobgoblin (D:1)
  4 jackals
  A ball python (D:1)
  3 bats (D:1)
  A frilled lizard (D:1)
  2 kobolds (D:1)
  5 rats
29 creatures vanquished.

Vanquished Creatures (others)
  A kobold (D:1)
1 creature vanquished.

Grand Total: 32 creatures vanquished

Notes
Turn   | Place    | Note
-------+----------+-------------------------------------------
     0 | D:1      | jackrogers the Tengu Summoner began the quest for the Orb.
     0 | D:1      | Reached XP level 1. HP: 10/10 MP: 4/4
    22 | D:1      | HP: 2/10 [dart slug/slug dart (6)]
   328 | D:1      | Reached skill level 5 in Summonings
   630 | D:1      | Reached XP level 2. HP: 14/15 MP: 1/6
  1230 | D:1      | Reached XP level 3. HP: 19/19 MP: 3/7
  1360 | D:2      | Learned a level 2 spell: Call Imp
  1368 | D:2      | Reached skill level 6 in Summonings
  1501 | D:2      | HP: 4/19 [poisoned by an adder]
  1506 | D:2      | HP: 2/28 [jackal (1)]
  1508 | D:2      | Succumbed to an adder's poison

Illustrated notes

Levels and vault maps discovered:
D:1:      dpeg_arrival_round_c, layout_rooms, minmay_splitting_lines,
          minmay_misc_feat_pillars, st_stairs_5
D:2:      layout_basic, uniq_sigmund

Skill      XL: |  1  2  3 |
---------------+----------+-----
Summonings     | 5 6 |  6.1
Dodging        | |  2.1
Stealth        | |  2.0
Spellcasting   | |  2.0

Action                   || total
-------------------------++-------
Melee: Unarmed           ||     2
       Short sword       ||     9
       Kick              ||     2
 Cast: Summon Small Mamm ||    52
       Call Imp          ||     3
  Use: Potion            ||     1
 Stab: Distracted        ||     1
Armor: Robe              ||     5
       Skin              ||     2
Dodge: Dodged            ||    13

Table legend: (Time is in decaauts)
 A = Elapsed time spent in this place.
 B = Non-inter-level travel time spent in this place.
 C = Inter-level travel time spent in this place.
 D = Time resting spent in this place.
 E = Time spent auto-exploring this place.
 F = Levels seen in this place.
 G = Mean time per level.
                   A        B        C        D        E       F      G
               +--------+--------+--------+--------+--------+-----+--------+
         Total |   1508 |   1484 |     24 |    582 |    605 |   2 |  754.0 |
       Dungeon |   1508 |   1484 |     24 |    582 |    605 |   2 |  754.0 |
               +--------+--------+--------+--------+--------+-----+--------+

Top non-repeatable levels by time:
     D:1: 1356 daAuts
     D:2: 152 daAuts

Table legend:
 A = Kills in this place as a percentage of kills in entire the game.
 B = Kills by you in this place as a percentage of kills by you in the entire game.
 C = Kills by friends in this place as a percentage of kills by friends in the entire game.
 D = Other kills in this place as a percentage of other kills in the entire game.
 E = Experience gained in this place as a percentage of experience gained in the entire game.
 F = Experience gained in this place divided by the number of levels of this place that you have seen.
                   A       B       C       D       E      F
               +-------+-------+-------+-------+-------+----------------------
         Total | 100.0 | 100.0 | 100.0 | 100.0 | 100.0 |  24.0
       Dungeon | 100.0 | 100.0 | 100.0 | 100.0 | 100.0 |  24.0
               +-------+-------+-------+-------+-------+----------------------
